 Dungeon Crawl Stone Soup version 0.28.0-45-g0d030f2227 (webtiles) character file.

Game seed: 1621350120401365150

250 Ablot the Grasshopper (level 6, 0/48 (50) HPs)
             Began as a Gnoll Warper on Mar 31, 2022.
             Frozen to death by an endoplasm (1 damage)
             ... on level 4 of the Dungeon.
             The game lasted 00:03:36 (2562 turns).

Ablot the Grasshopper (Gnoll Warper)                Turns: 2562, Time: 00:03:36

HP:   0/48 (50)     AC:  6    Str: 13    XL:     6   Next: 13%
MP:   10/13         EV: 13    Int: 12    God:
Gold: 95            SH:  5    Dex: 11    Spells: 13/15 levels left

rFire   . . .      SeeInvis .   a - +0 spear
rCold   . . .      Faith    .   (no shield)
rNeg    . . .      Spirit   .   b - +0 leather armour
rPois   +          Reflect  +   (no helmet)
rElec   .          Harm     .   (no cloak)
rCorr   .          Rampage  .   g - +0 pair of gloves
Will    +....                   o - +1 pair of boots
Stlth   +.........              n - amulet of reflection
HPRegen 0.16/turn               m - ring of poison resistance
MPRegen 0.13/turn               s - ring of willpower

@: lightly drained
A: fangs 1, strong nose, distributed training
a: no special abilities


You were on level 4 of the Dungeon.
You visited 1 branch of the dungeon, and saw 4 of its levels.

You collected 95 gold pieces.

Inventory:

Hand Weapons
 a - a +0 spear (weapon)
 h - a +2 dagger of venom
Missiles
 d - 5 boomerangs of dispersal
 j - 79 stones (quivered)
 q - 11 arrows
Armour
 b - a +0 leather armour (worn)
 g - a +0 pair of gloves (worn)
 o - a +1 pair of boots (worn)
Jewellery
 m - a ring of poison resistance (left hand)
 n - an amulet of reflection (around neck)
 s - a ring of willpower (right hand)
Wands
 p - a wand of polymorph (5)
Scrolls
 c - 2 scrolls of blinking
 e - a scroll of vulnerability {unknown}
 f - a scroll of acquirement {unknown}
 i - 2 scrolls of immolation {unknown}
 k - a scroll of fear {unknown}
 t - a scroll of fog {unknown}
Potions
 l - a potion of heal wounds {unknown}
 r - a potion of curing


   Skills:
 + Level 4.9 Fighting
 + Level 1.8 Short Blades
 + Level 1.8 Long Blades
 + Level 1.8 Axes
 + Level 1.8 Maces & Flails
 + Level 4.9 Polearms
 + Level 1.8 Staves
 + Level 1.8 Slings
 + Level 1.8 Bows
 + Level 1.8 Crossbows
 + Level 3.1 Throwing
 + Level 3.1 Armour
 + Level 4.9 Dodging
 + Level 1.8 Stealth
 + Level 1.8 Shields
 + Level 1.8 Unarmed Combat
 + Level 5.3 Spellcasting
 + Level 1.4 Conjurations
 + Level 1.4 Hexes
 + Level 1.4 Summonings
 + Level 1.4 Necromancy
 + Level 5.6 Translocations
 + Level 1.4 Transmutations
 + Level 1.4 Fire Magic
 + Level 1.4 Ice Magic
 + Level 1.4 Air Magic
 + Level 1.4 Earth Magic
 + Level 1.4 Poison Magic
 + Level 2.0 Invocations
 + Level 1.8 Evocations


You had 13 spell levels left.
You knew the following spells:

 Your Spells              Type           Power      Damage    Failure   Level
a - Blink                 Tloc           32%        N/A       3%          2

Your spell library contained the following spells:

 Spells                   Type           Power      Damage    Failure   Level
 Gell's Gravitas          Tloc           16%        N/A       8%          3
 Lesser Beckoning         Tloc           16%        N/A       8%          3
 Teleport Other           Tloc           16%        N/A       8%          3
 Manifold Assault         Tloc           16%        N/A       56%         5


Dungeon Overview and Level Annotations

Branches:
Dungeon (4/15)
 Temple: D:4-7

Altars:
Trog

Shops:
D:2 [


Innate Abilities, Weirdness & Mutations

You have very sharp teeth.
Your uncanny sense of smell can sniff out nearby items.
Your experience applies equally to all skills.


Message History

Aim: a necrophage (moderately damaged, about 37% to evade your +0 spear)
You reach to attack!
You hit the necrophage but do no damage.
The necrophage is moderately damaged.
Unknown command.
You barely miss the necrophage.
The necrophage is moderately damaged.
You feel stable enough to blink again. The necrophage closely misses you.
You barely miss the necrophage.
The necrophage is moderately damaged.
The necrophage closely misses you. The endoplasm freezes you.
You are frozen.
* * * LOW HITPOINT WARNING * * *
You hit the necrophage but do no damage.
The necrophage is moderately damaged.
The necrophage barely misses you. The endoplasm freezes you.
You are frozen.
* * * LOW HITPOINT WARNING * * *
Casting: Blink (safe; 3% risk of failure)
Confirm with . or Enter, or press ? or * to list all spells.
You blink.
A scorpion and a goblin come into view.
Unknown command.
You block the necrophage's attack.
The endoplasm hits you but does no damage.
The necrophage hits you.
* * * LOW HITPOINT WARNING * * *
You feel drained.
* * * LOW HITPOINT WARNING * * *
You feel stable enough to blink again.
The goblin shouts!
You hear a shout!
The necrophage hits you.
* * * LOW HITPOINT WARNING * * *
The scorpion misses you. The endoplasm freezes you.
You are frozen.
You die...

###+######+#######
#.......<(.......#
.......###........#
## .?.....
#..@Jn...# #####.
..).... #....s...#
...... .......
#[......$..# #..
.......
#..........# #..
.......
#..........# #..
.......
#.g.......... #..
+...$.....### ##.
#........... ....
...#+####.## ####


You could see a necrophage, a scorpion, an endoplasm and a goblin.

Vanquished Creatures
  A scorpion (D:3)
  Ijyb (D:3)
  A bullfrog skeleton (D:4)
  Natasha (D:4)
  4 adders
  A gnoll (D:1)
  3 worms
  2 dart slugs (D:2)
  An endoplasm (D:3)
  4 goblins (D:1)
  6 hobgoblins
  13 jackals
  2 quokkas
  2 ball pythons
  8 bats
  A frilled lizard (D:1)
  5 kobolds (D:1)
  6 rats
62 creatures vanquished.

Vanquished Creatures (others)
  A plant (D:1)
1 creature vanquished.

Grand Total: 63 creatures vanquished

Notes
Turn   | Place    | Note
-------+----------+-------------------------------------------
     0 | D:1      | Ablot the Gnoll Warper began the quest for the Orb.
     0 | D:1      | Reached XP level 1. HP: 20/20 MP: 6/6
    71 | D:1      | Found a faded altar of an unknown god.
   107 | D:1      | Reached XP level 2. HP: 26/26 MP: 7/7
   130 | D:1      | Learned a level 2 spell: Blink
   437 | D:1      | Reached XP level 3. HP: 15/31 MP: 9/9
   441 | D:1      | Reached skill level 5 in Spellcasting
   885 | D:1      | Reached skill level 1 in Invocations
  1068 | D:2      | Found Egro Takk's Antique Armour Emporium.
  1127 | D:2      | Reached skill level 1 in Short Blades
  1127 | D:2      | Reached skill level 1 in Long Blades
  1127 | D:2      | Reached skill level 1 in Axes
  1127 | D:2      | Reached skill level 1 in Maces & Flails
  1127 | D:2      | Reached skill level 1 in Staves
  1127 | D:2      | Reached skill level 1 in Slings
  1127 | D:2      | Reached skill level 1 in Bows
  1127 | D:2      | Reached skill level 1 in Crossbows
  1127 | D:2      | Reached skill level 1 in Stealth
  1127 | D:2      | Reached skill level 1 in Shields
  1127 | D:2      | Reached skill level 1 in Unarmed Combat
  1127 | D:2      | Reached skill level 1 in Evocations
  1127 | D:2      | Reached XP level 4. HP: 28/38 MP: 11/11
  1560 | D:2      | Reached skill level 1 in Conjurations
  1560 | D:2      | Reached skill level 1 in Hexes
  1560 | D:2      | Reached skill level 1 in Summonings
  1560 | D:2      | Reached skill level 1 in Necromancy
  1560 | D:2      | Reached skill level 1 in Transmutations
  1560 | D:2      | Reached skill level 1 in Fire Magic
  1560 | D:2      | Reached skill level 1 in Ice Magic
  1560 | D:2      | Reached skill level 1 in Air Magic
  1560 | D:2      | Reached skill level 1 in Earth Magic
  1560 | D:2      | Reached skill level 1 in Poison Magic
  1706 | D:3      | Noticed Ijyb
  1749 | D:3      | Killed Ijyb
  1750 | D:3      | Reached XP level 5. HP: 31/43 MP: 12/12
  2065 | D:3      | Found a bloodstained altar of Trog.
  2526 | D:4      | Noticed a necrophage
  2527 | D:4      | Noticed Natasha
  2533 | D:4      | Reached XP level 6. HP: 42/50 MP: 13/13
  2539 | D:4      | Killed Natasha
  2560 | D:4      | HP: 1/48 [necrophage (2)]
  2562 | D:4      | Frozen to death by an endoplasm

Illustrated notes

Levels and vault maps discovered:
D:1:      eino_arrival_water_cross, layout_rooms,
          ebering_ecumenical_altar_abandoned, hangedman_decor_growths
D:2:      layout_rooms, serial_shops, shop_fountains
D:3:      layout_rooms, mainiacjoe_overflow_alcove_2, minmay_misc_feat_x,
          uniq_ijyb
D:4:      layout_basic, gammafunk_temple_overflow_forgotten, uniq_natasha,
          uniq_grinder

Skill      XL: |  1  2  3  4  5 |
---------------+----------------+-----
Spellcasting   | 5 |  5.3
Invocations    | 1 2 |  2.0
Short Blades   | 1 |  1.8
Long Blades    | 1 |  1.8
Axes           | 1 |  1.8
Maces & Flails | 1 |  1.8
Staves         | 1 |  1.8
Slings         | 1 |  1.8
Bows           | 1 |  1.8
Crossbows      | 1 |  1.8
Stealth        | 1 |  1.8
Shields        | 1 |  1.8
Unarmed Combat | 1 |  1.8
Evocations     | 1 |  1.8
Conjurations   | 1 |  1.4
Hexes          | 1 |  1.4
Summonings     | 1 |  1.4
Necromancy     | 1 |  1.4
Transmutations | 1 |  1.4
Fire Magic     | 1 |  1.4
Ice Magic      | 1 |  1.4
Air Magic      | 1 |  1.4
Earth Magic    | 1 |  1.4
Poison Magic   | 1 |  1.4
Throwing       | 3 |  3.1
Armour         | 3 |  3.1
Fighting       | |  4.9
Polearms       | |  4.9
Dodging        | |  4.9
Translocations | |  5.6

Action                   |  1- 3 |  4- 6 || total
-------------------------+-------+-------++-------
Melee: Spear             |   108 |    11 ||   119
       Bite              |     8 |     7 ||    15
       Punch             |     1 |     1 ||     2
       Dagger            |    25 |   104 ||   129
       Unarmed           |       |    29 ||    29
Throw: Stone             |       |     3 ||     3
 Cast: Blink             |       |     2 ||     2
 Stab: Sleeping          |     1 |     3 ||     4
Armor: Leather armour    |    47 |    22 ||    69
       Skin              |       |     4 ||     4
Dodge: Dodged            |   142 |    85 ||   227
Block: Other             |       |    19 ||    19
